 Dungeon Crawl Stone Soup version 0.17-a0-1295-gefc790a (webtiles) character file.

140 MonkeyBuisness the Covered (level 5, 0/47 HPs)
             Began as a Minotaur Fighter on June 6, 2015.
             Slain by a goblin
             ... wielding a +0 dagger
              (1 damage)
             ... on level 2 of the Dungeon.
             The game lasted 00:02:10 (1588 turns).

MonkeyBuisness the Covered (Minotaur Fighter)       Turns: 1588, Time: 00:02:10

Health: 0/47       AC:  7    Str: 22    XL:     5   Next: 2%
Magic:  4/4        EV: 10    Int:  5    God:
Gold:   114        SH:  0    Dex:  9    Spells: 0 memorised, 4 levels left

rFire  . . .     SeeInvis .     a - +0 war axe
rCold  . . .     Clarity  .     b - +0 scale mail
rNeg   . . .     SustAt   .     (no shield)
rPois  .         Gourm    .     (helmet restricted)
rElec  .         Spirit   .     (no cloak)
rCorr  .         Warding  .     (no gloves)
rMut   .         Stasis   .     (no boots)
MR     .....                    (no amulet)
Stlth  ..........               (no ring)
                                (no ring)

@: lethally poisoned (0 -> -1), not resistant to hostile enchantments, extremely
unstealthy
A: retaliatory headbutt, horns 2
a: no special abilities


You were on level 2 of the Dungeon.
You were not hungry.

You visited 1 branch of the dungeon, and saw 3 of its levels.

You collected 114 gold pieces.

Inventory:

Hand weapons
 a - a +0 war axe (weapon)
Armour
 b - a +0 scale mail (worn)
Scrolls
 f - 4 scrolls of enchant weapon {unknown}
 h - a scroll of teleportation {unknown}
 i - a scroll of random uselessness {unknown}
 k - a scroll of identify {unknown}
 l - a scroll of enchant armour {unknown}
 m - a scroll of fog {unknown}
Potions
 c - 3 potions of haste {unknown}
 d - 2 potions of might
 g - a potion of ambrosia {unknown}
 n - a potion of brilliance {unknown}
 p - a potion of magic {unknown}
Comestibles
 e - a bread ration {@e1}
 j - 3 fruits
 o - a chunk of flesh {@w0}


   Skills:
 + Level 4.4 Fighting
 + Level 3.9 Axes
 + Level 4.6 Armour
 + Level 2.2 Dodging
   Level 3.7 Shields


You had 4 spell levels left.
You didn't know any spells.

Dungeon Overview and Level Annotations

Branches:
Dungeon (3/15)

Altars:


Innate Abilities, Weirdness & Mutations

You reflexively headbutt those who attack you in melee.
You have a pair of horns on your head.


Message History

No target in view!
Done exploring.
No target in view!
You see here a club.
There is a stone staircase leading down here.
You climb downwards. 2 gnolls come into view.
The gnoll shouts! x2
There is a stone staircase leading up here.
A gnoll comes into view. It is wielding a flail.
There are monsters nearby!
There are monsters nearby!
There are monsters nearby!
An adder and a gnoll come into view.
The gnoll shouts!
There are monsters nearby!
You slash the gnoll!
You kill the gnoll!
You slash the gnoll!
A gnoll and a kobold come into view.
There are monsters nearby!
You closely miss the gnoll.
The kobold shouts!
The gnoll shouts!
You headbutt the gnoll. You hit the gnoll. The gnoll misses you.
The gnoll hits you with a flail.
A goblin and a gnoll come into view.
You take 1 damage, and have 39/41 hp.
There are monsters nearby!
You barely miss the gnoll. x2
The gnoll shouts!
The goblin shouts!
The kobold throws a stone.
The stone barely misses you. The gnoll misses you.
The gnoll hits you with a flail. The gnoll barely misses you.
The kobold throws a stone.
The stone hits you but does no damage.
You hit the gnoll.
You kill the gnoll!
You hit the gnoll.
There are monsters nearby!
You hit the gnoll. You headbutt the gnoll. You hit the gnoll.
The gnoll hits you with a flail. The gnoll closely misses you.
You furiously retaliate!
You headbutt the gnoll! The gnoll hits you with a flail!
There are monsters nearby!
You take 13 damage, and have 26/41 hp.
MASSIVE DAMAGE!!
You closely miss the gnoll. You headbutt the gnoll.
You kill the gnoll!
Your Dodging skill increases to level 2!
You barely miss the gnoll. You closely miss the adder.
The adder bites you but does no damage. The adder bites you.
The gnoll hits you but does no damage.
You take 3 damage, and have 23/41 hp.
You slash the gnoll!
You kill the gnoll!
You hit the adder but do no damage. You hit the gnoll.
The adder closely misses you. The gnoll hits you but does no damage.
The adder bites you.
You are poisoned.
The adder poisons you!
You take 2 damage, and have 21/41 hp.
You are too injured to fight recklessly!
You are too injured to fight recklessly!
You are too injured to fight recklessly!
You are too injured to fight recklessly!
You closely miss the gnoll. You barely miss the goblin.
You hit the adder but do no damage.
You feel sick. The adder bites you. The gnoll hits you.
The goblin hits you but does no damage. The adder bites you.
* * * LOW HITPOINT WARNING * * *
You take 11 damage, and have 10/41 hp.
MASSIVE DAMAGE!!
You feel sick.
You take 1 damage, and have 9/41 hp.
You feel sick. The goblin hits you but does no damage.
There is a stone staircase leading up here.
You take 1 damage, and have 8/41 hp.
You can't go down here!
The goblin barely misses you. The gnoll hits you but does no damage.
You climb upwards.
There is a stone staircase leading down here.
You closely miss the gnoll. You barely miss the goblin.
You feel sick. The goblin hits you but does no damage.
The gnoll hits you but does no damage. The goblin hits you but does no damage.
The gnoll hits you.
* * * LOW HITPOINT WARNING * * *
You take 3 damage, and have 6/41 hp.
You barely miss the gnoll.
Your scale mail prevents you from hitting the goblin.
The goblin hits you but does no damage. The gnoll completely misses you.
You barely miss the gnoll. You closely miss the goblin.
You feel sick. The goblin hits you with a dagger.
* * * LOW HITPOINT WARNING * * *
The gnoll hits you.
* * * LOW HITPOINT WARNING * * *
You take 3 damage, and have 3/41 hp.
You slice the gnoll!!
You kill the gnoll!
You have reached level 5!
You completely miss the goblin. The goblin hits you with a dagger.
* * * LOW HITPOINT WARNING * * *
The goblin hits you with a dagger.
You die...

######## #......#
#......#
#########......###
###@...........)....
#..g......#......###
#.........#......#
#.........#......#
#.........#########
###'##............#
###'##............#
#....#........)...#
#....#............#


You could see a goblin.

Vanquished Creatures
  5 gnolls
  3 adders
  An ooze (D:2)
  3 worms (D:2)
  3 giant geckos (D:1)
  3 bats
  2 giant cockroaches
  10 goblins
  5 hobgoblins (D:1)
  A quokka (D:2)
  3 giant newts
  5 kobolds
  7 rats
51 creatures vanquished.

Notes
Turn   | Place    | Note
--------------------------------------------------------------
     0 | D:1      | MonkeyBuisness the Minotaur Fighter began the quest for the Orb.
     0 | D:1      | Reached XP level 1. HP: 19/19 MP: 0/0
   161 | D:1      | Reached XP level 2. HP: 14/27 MP: 1/1
   321 | D:1      | Reached skill level 4 in Armour
   373 | D:1      | Reached skill level 4 in Fighting
   394 | D:1      | Reached XP level 3. HP: 30/33 MP: 2/2
   476 | D:1      | Reached skill level 3 in Axes
   605 | D:1      | Reached skill level 1 in Dodging
  1074 | D:2      | Reached XP level 4. HP: 40/40 MP: 3/3
  1577 | D:3      | Reached skill level 2 in Dodging
  1579 | D:3      | HP: 10/41 [adder (4)]
  1585 | D:2      | HP: 8/41 [poisoned by an adder]
  1587 | D:2      | HP: 3/41 [gnoll (1)]
  1588 | D:2      | Reached XP level 5. HP: 3/47 MP: 4/4
  1588 | D:2      | HP: 1/47 [goblin/dagger (2)]
  1588 | D:2      | Slain by a goblin

Vault maps used:
D:1:      saegor_arrival_under_anarchy, minmay_misc_feat_pillars,
          kennysheep_decorative_pillar
D:3:      lemuel_crystal_altar, lightli_temple_of_fire, lemuel_round_altar,
          fedhas_altar_2

Action                   |  1- 3 |  4- 6 || total
-------------------------+-------+-------++-------
Melee: War axe           |    74 |    30 ||   104
  Eat: Chunk             |       |     2 ||     2

Vault maps used:
D:1:      saegor_arrival_under_anarchy, minmay_misc_feat_pillars,
          kennysheep_decorative_pillar
D:3:      lemuel_crystal_altar, lightli_temple_of_fire, lemuel_round_altar,
          fedhas_altar_2

Table legend:
 A = Turns spent in this place as a percentage of turns spent in the entire game.
 B = Non-inter-level travel turns spent in this place as a percentage of non-inter-level travel turns spent in the entire game.
 C = Inter-level travel turns spent in this place as a percentage of turns spent in this place.
 D = Turns resting spent in this place as a percentage of non-inter-level travel turns spent in this place.
 E = Turns spent auto-exploring this place as a percentage of non-inter-level travel turns spent in this place.
 F = Non-inter-level travel turns spent in this place divided by the number of levels of this place that you've seen.
                   A       B       C       D       E      F
               +-------+-------+-------+-------+-------+----------------------
         Total | 100.0 | 100.0 |   0.4 |   1.5 |  13.3 | 173.0
       Dungeon | 100.0 | 100.0 |   0.4 |   1.5 |  13.3 | 173.0
               +-------+-------+-------+-------+-------+----------------------

Table legend:
 A = Kills in this place as a percentage of kills in entire the game.
 B = Kills by you in this place as a percentage of kills by you in the entire game.
 C = Kills by friends in this place as a percentage of kills by friends in the entire game.
 D = Other kills in this place as a percentage of other kills in the entire game.
 E = Experience gained in this place as a percentage of experience gained in the entire game.
 F = Experience gained in this place divided by the number of levels of this place that you have seen.
                   A       B       C       D       E      F
               +-------+-------+-------+-------+-------+----------------------
         Total | 100.0 | 100.0 |  -nan |  -nan | 100.0 |  67.0
       Dungeon | 100.0 | 100.0 |  -nan |  -nan | 100.0 |  67.0
               +-------+-------+-------+-------+-------+----------------------
